Map: Chantier naval orbital

Players

AgCl

  • Race: Protoss Protoss
  • League: Grandmaster

Ugo - Winner!

  • Race: Zerg Zerg
  • League: Grandmaster

VOD

Have the link to the VOD?

Description

Time

  • Played on: July 12, 2015, 5:24 p.m.
  • Length: 7:51
Show
View Real Time Build Order
Export as new Build Order

AgCl Protoss 

Build Orders: Oracle Opening, Carrier Rush 

Get SALT Encoding   

  12  0:21  Probe, Pylon  
  12  0:22  Assimilator  
  13  0:34  Probe (Chrono Boost)  
  14  0:40  Gateway  
  14  0:46  Probe (Chrono Boost)  
  15  0:55  Probe (Chrono Boost)  
  16  1:04  Probe  
  17  1:16  Probe  
  18  1:27  Zealot (Chrono Boost)  
  18  1:28  Probe  
  21  1:35  Cybernetics Core, Pylon  
  21  1:37  Assimilator  
  21  1:42  Probe  
  22  1:54  Probe (Chrono Boost)  
  23  2:07  Probe (Chrono Boost)  
  24  2:13  Probe (Chrono Boost), Stargate  
  25  2:18  Warp Gate  
  26  2:24  Probe (Chrono Boost)  
  26  2:31  Probe (Chrono Boost)  
  27  2:41  Probe  
  26  2:53  Probe  
  27  2:59  Oracle (Chrono Boost)  
  30  3:11  Nexus  
  30  3:14  Pylon  
  30  3:23  Fleet Beacon  
  30  3:32  Mothership Core (Chrono Boost)  
  32  3:47  Probe (Chrono Boost)  
  33  3:58  Probe  
  34  4:07  Carrier (Chrono Boost)  
  34  4:10  Probe  
  35  4:20  Assimilator  
  35  4:24  Probe (Chrono Boost)  
  43  4:25  Assimilator  
  43  4:27  Pylon x2  
  43  4:28  Probe (Chrono Boost)  
  43  4:33  Probe (Chrono Boost)  
  43  4:36  Probe (Chrono Boost)  
  45  4:41  Probe  
  45  4:44  Pylon  
  46  4:50  Gateway  
  40  5:03  Probe  
  38  5:09  Stalker  
  40  5:20  Probe  
  25  6:17  Carrier (Chrono Boost)  
  29  6:40  Probe  
  29  6:43  Probe  
  30  6:52  Probe  
  31  7:08  Pylon  
  31  7:10  Probe  
  31  7:11  Probe  
  33  7:22  Probe  
  34  7:23  Probe  
  33  7:31  Sentry  
  33  7:34  Probe  
  36  7:40  Zealot  
Show
View Real Time Build Order
Export as new Build Order

Ugo Zerg - Winner!

Build Orders: Hatch First 

Get SALT Encoding   

  12  0:01  Drone  
  13  0:08  Drone  
  14  0:17  Overlord  
  14  0:27  Drone, Extractor  
  14  0:28  Drone, Extractor  
  16  0:35  Drone  
  17  0:44  Drone  
  18  0:56  Hatchery  
  17  1:01  Drone  
  18  1:05  Drone  
  19  1:15  Extractor  
  19  1:17  Extractor  
  17  1:18  Spawning Pool  
  17  1:21  Drone  
  17  1:28  Drone  
  18  1:38  Drone  
  19  1:48  Drone  
  20  1:57  Hatchery  
  19  2:06  Pneumatized Carapace  
  19  2:11  Queen  
  21  2:19  Drone  
  21  2:20  Zergling x2  
  23  2:29  Baneling Nest  
  20  2:50  Zergling x4  
  21  2:54  Queen  
  22  3:08  Spore Crawler  
  22  3:10  Spore Crawler, Drone  
  21  3:18  Zergling x2  
  21  3:19  Zergling x2  
  23  3:32  Drone x3  
  26  3:38  Drone  
  27  3:53  Baneling  
  27  3:54  Baneling x3  
  27  3:58  Drone x2  
  27  4:00  Drone  
  30  4:08  Baneling x2  
  30  4:10  Baneling x2  
  30  4:16  Drone  
  30  4:17  Drone  
  32  4:24  Spore Crawler  
  32  4:25  Drone x2  
  33  4:31  Overlord  
  33  4:44  Drone  
  32  5:08  Drone  
  32  5:09  Drone x6  
  32  5:10  Drone  
  40  5:20  Drone x2, Overlord x2  
  42  5:38  Queen  
  42  5:53  Queen  
  46  5:59  Lair  
  46  6:01  Spore Crawler  
  43  6:04  Spore Crawler  
  43  6:07  Spore Crawler  
  41  6:16  Metabolic Boost  
  41  6:17  Zergling x4  
  41  6:18  Zergling x14  
  50  6:20  Overlord x3  
  48  6:48  Queen  
  50  7:04  Baneling  
  50  7:05  Baneling x3  
  50  7:06  Baneling x3  
Tags
 
Add a new tag
Caveats
  • Supply blocks, unpowered buildings, or Contaminate may cause inaccurate times.
  • Supply counts are checked every 10 seconds.